 Dungeon Crawl Stone Soup version 0.28-a0-390-gb254ac4902 (webtiles) character file.

Game seed: 14793504396124930554

850 Armakuni the Conjurer (level 8, 52/52 HPs)
             Began as a Human Conjurer on Aug 18, 2021.
             Quit the game in the Ecumenical Temple on Sept 3, 2021.
             The game lasted 00:10:22 (5499 turns).

Armakuni the Conjurer (Human Conjurer)              Turns: 5499, Time: 00:10:23

Health: 52/52      AC:  6    Str:  9    XL:     8   Next: 21%
Magic:  16/16      EV: 12    Int: 19    God:
Gold:   239        SH:  0    Dex: 12    Spells: 11/18 levels left

rFire   + . .      SeeInvis .   a - +0 whip (spect)
rCold   . . .      Faith    .   (no shield)
rNeg    . . .      Spirit   .   p - +2 robe {rF+}
rPois   .          Reflect  .   (no helmet)
rElec   .          Harm     .   d - +0 cloak
rCorr   .          Rampage  .   (no gloves)
Will    .....                   i - +0 pair of boots
Stlth   ++........              (no amulet)
HPRegen 0.17/turn               (no ring)
MPRegen 0.15/turn               (no ring)

@: no status effects
A: no striking features
a: no special abilities


You were in the Ecumenical Temple.
You visited 2 branches of the dungeon, and saw 6 of its levels.

You collected 239 gold pieces.

Inventory:

Hand Weapons
 a - a +0 spectral whip (weapon)
 b - a +0 quarterstaff
Missiles
 l - 6 curare-tipped darts
Armour
 d - a +0 cloak (worn)
 f - a +0 ring mail
 h - a +0 tower shield
 i - a +0 pair of boots (worn)
 j - a +0 scale mail
 p - a +2 robe of fire resistance (worn)
Jewellery
 U - an amulet of faith
Scrolls
 c - 4 scrolls of teleportation
 e - a scroll of noise
 n - 4 scrolls of amnesia
 q - a scroll of identify
Potions
 g - 2 potions of curing
 k - a potion of lignification
 m - a potion of heal wounds
 o - a potion of attraction {unknown}


   Skills:
 - Level 2.0 Dodging
 - Level 2.0 Stealth
 + Level 5.9 Spellcasting
 + Level 7.4 Conjurations


You had 11 spell levels left.
You knew the following spells:

 Your Spells              Type           Power      Damage    Failure   Level
a - Magic Dart            Conj           100%       1d8       1%          1
m - Iskenderun's Mystic   Conj/Tloc      19%        2d6       24%         4
z - Searing Ray           Conj           66%        3d5       1%          2

Your spell library contained the following spells:

 Spells                   Type           Power      Damage    Failure   Level
 Shock                    Conj/Air       76%        1d7       2%          1
 Dazzling Flash           Conj/Hex       38%        N/A       8%          3
 Fulminant Prism          Conj/Hex       9%         3d7       24%         4
 Swiftness                Air            5%         N/A       34%         3
 Airstrike                Air            2%         N/A       75%         4


Dungeon Overview and Level Annotations

Branches:
Dungeon (5/15)             Temple (1/1) D:5

Altars:
Ashenzari
Cheibriados
Dithmenos
Elyvilon
Fedhas
Gozag
Kikubaaqudgha
Nemelex Xobeh
Okawaru
Qazlal
Ru
Sif Muna
Trog
Vehumet
Wu Jian
Zin
The Shining One

Shops:
D:2 =::   D:3 [   D:5 *


Message History

(Press . to maintain the ray.)
The searing ray hits the ogre!
The ogre is heavily wounded.
The searing ray hits the ogre!
You kill the ogre!
Things that are here:
a +0 giant spiked club; an ogre corpse You now have 239 gold pieces (gained 13).
Found 32 bolts.
Found 28 arrows.
You see here 28 arrows.
Found a flail.
Found a staircase to the Ecumenical Temple.
q - a scroll of identify You see here a +0 flail.
There is a staircase to the Ecumenical Temple here.
You can't go up here!
You climb downwards.
Welcome to the Ecumenical Temple!
Found four altars.
There is a staircase back to the Dungeon here.
Found a glowing golden altar of the Shining One.
Found a sparkling altar of Nemelex Xobeh.
Found an iron altar of Okawaru.
There is a glowing golden altar of the Shining One here.
Found a blossoming altar of Fedhas.
Found a sacrificial altar of Ru.
Found a glowing silver altar of Zin.
Found a snail-covered altar of Cheibriados.
Found a radiant altar of Vehumet.
Found a shadowy altar of Dithmenos.
Found an ancient bone altar of Kikubaaqudgha.
Found a broken altar of Ashenzari.
Found a bloodstained altar of Trog.
Done exploring.
Done exploring.
Done exploring.
Saving game... please wait.
Welcome back, Armakuni the Human Conjurer.
Press ? for a list of commands and other information.
Are you sure you want to abandon this character and quit the game? (Confirm with "yes".)

##.. ##### ##..#
##...## ##..#.
##..#..## ##..#..
##..#.#..###..#...
##..#...#..#..#....
##..#.._..#...#..._.
##....#...#.....#....
##..#@..#.#...#...#...
##..#.#...#...#.#...#.#
#..#...#.....#...#...#.
#.#.._..#...#.....#.<.#
#..#...#...#..._...#...
##..#.#...#..#....#.#..
##..#...#....#......#.
##....#........#....#
##..#..._......._...


There were no monsters in sight!

Vanquished Creatures
  Duvessa (D:5)
  A necrophage (D:5)
  An ogre (D:5)
  3 phantoms
  2 scorpions
  Dowan (D:5)
  A hound (D:5)
  2 orc priests (D:3)
  5 adders
  An ufetubus (D:5)
  An adder skeleton (D:4)
  3 worms
  2 dart slugs
  6 orcs
  6 ball pythons
  3 bats
  6 endoplasms
  A giant cockroach (D:1)
  6 goblins
  4 hobgoblins
  2 jackals (D:1)
  2 quokkas
  A frilled lizard (D:1)
  4 kobolds
  5 rats
70 creatures vanquished.

Notes
Turn   | Place    | Note
-------+----------+-------------------------------------------
     0 | D:1      | Armakuni the Human Conjurer began the quest for the Orb.
     0 | D:1      | Reached XP level 1. HP: 13/13 MP: 3/3
   197 | D:1      | Reached XP level 2. HP: 19/19 MP: 3/5
   375 | D:1      | Learned a level 2 spell: Searing Ray
   890 | D:1      | Reached XP level 3. HP: 24/24 MP: 2/6
   940 | D:1      | Found a faded altar of an unknown god.
  1278 | D:2      | Found Nacicud's Jewellery Boutique.
  1289 | D:2      | Found an ornate altar of the Wu Jian Council.
  1359 | D:2      | Found Ceiguoj's Book Shoppe.
  1712 | D:2      | Reached XP level 4. HP: 22/30 MP: 2/8
  1887 | D:2      | Found Yrghip's Book Emporium.
  1900 | D:2      | Learned a level 4 spell: Iskenderun's Mystic Blast
  2507 | D:3      | Reached skill level 5 in Conjurations
  2893 | D:3      | Reached XP level 5. HP: 35/35 MP: 6/10
  2932 | D:3      | Found Lojubb's Antique Armour Shoppe.
  3703 | D:4      | Reached XP level 6. HP: 41/41 MP: 3/12
  4655 | D:5      | Entered Level 5 of the Dungeon
  4663 | D:5      | Reached skill level 6 in Conjurations
  4663 | D:5      | Reached XP level 7. HP: 44/46 MP: 5/13
  4875 | D:5      | Reached skill level 5 in Spellcasting
  4980 | D:5      | Noticed Duvessa
  4980 | D:5      | Noticed Dowan
  4997 | D:5      | Killed Dowan
  4998 | D:5      | Killed Duvessa
  4999 | D:5      | Reached skill level 7 in Conjurations
  5005 | D:5      | Reached XP level 8. HP: 46/52 MP: 1/16
  5194 | D:5      | Found Ujoawn's CLEARANCE SALE! EVERYTHING MUST GO!.
  5348 | D:5      | Found a staircase to the Ecumenical Temple.
  5358 | Temple   | Entered the Ecumenical Temple
  5499 | Temple   | Upgraded the game from 0.28-a0-194-g42b4daccc1 to
                  | 0.28-a0-390-gb254ac4902
  5499 | Temple   | Quit the game

Illustrated notes

Levels and vault maps discovered:
D:1:      dpeg_arrival_lava_temple_mockup, layout_loops_ring,
          hellmonk_ecumenical_altar_inner_sanctum, minmay_distorted
D:2:      layout_loops_ring, serial_shops, nicolae_shop_crystal, shop, shop,
          basic_altar, minmay_pentomino_q2
D:3:      layout_basic, serial_shops,
          nicolae_shop_temple_entry_statues_fountains
D:4:      minmay_door_path, layout_layer_cave
D:5:      layout_cave_pools, minmay_temple_entry_wispy, nicolae_shop_clearance,
          uniq_duvessa
Temple:   eino_temple_rhombus

Skill      XL: |  1  2  3  4  5  6  7 |
---------------+----------------------+-----
Spellcasting   | 3 4 5 |  5.9
Conjurations   | 5 6 7 |  7.4
Dodging        | |  2.0
Stealth        | |  2.0

Action                   |  1- 3 |  4- 6 |  7- 9 || total
-------------------------+-------+-------+-------++-------
Throw: Dart              |       |       |     3 ||     3
 Cast: Magic Dart        |    15 |       |       ||    15
       Searing Ray       |    17 |    38 |    13 ||    68
  Use: Scroll            |     4 |     1 |     5 ||    10
       Potion            |       |     1 |       ||     1
Armor: Robe              |     1 |     2 |     1 ||     4
Dodge: Dodged            |     9 |    15 |     5 ||    29

Table legend: (Time is in decaauts)
 A = Elapsed time spent in this place.
 B = Non-inter-level travel time spent in this place.
 C = Inter-level travel time spent in this place.
 D = Time resting spent in this place.
 E = Time spent auto-exploring this place.
 F = Levels seen in this place.
 G = Mean time per level.
                   A        B        C        D        E       F      G
               +--------+--------+--------+--------+--------+-----+--------+
         Total |   5497 |   5266 |    231 |   1464 |   2964 |   6 |  916.2 |
       Dungeon |   5357 |   5126 |    231 |   1464 |   2824 |   5 | 1071.4 |
        Temple |    140 |    140 |      0 |      0 |    140 |   1 |  140.0 |
               +--------+--------+--------+--------+--------+-----+--------+

Top non-repeatable levels by time:
     D:3: 1497 daAuts
     D:1: 1210 daAuts
     D:2: 978 daAuts
     D:4: 967 daAuts
     D:5: 702 daAuts
  Temple: 140 daAuts
